Map: Traitor's Exile

Players

Phanekim

  • Race: Zerg Zerg
  • Spawn Location: 5:00

Sirion

  • Race: Zerg Zerg
  • Spawn Location: 6:00

ChartMang - Winner!

  • Race: Protoss Protoss
  • Spawn Location: 12:00

PureLegacy - Winner!

  • Race: Terran Terran
  • Spawn Location: 9:00

VOD

Have the link to the VOD?

Description

Time

  • Played on: Nov. 23, 2018, 9:45 a.m.
  • Length: 4:18
Show
View Real Time Build Order
Export as new Build Order

Phanekim Zerg 

Build Orders:  

Get SALT Encoding   

  12  0:16  Drone  
  12  0:19  Drone  
  14  0:38  Drone, Extractor  
  14  2:17  Overlord  
  13  2:38  Drone x3  
Show
View Real Time Build Order
Export as new Build Order

Sirion Zerg 

Build Orders: Pool First, Ravager All-In 

Get SALT Encoding   

  12  0:01  Drone  
  13  0:12  Spawning Pool  
  12  0:14  Drone  
  13  0:25  Extractor  
  12  0:31  Drone x2  
  14  0:50  Extractor  
  14  0:52  Drone, Overlord  
  14  1:04  Roach Warren  
  14  1:06  Overlord  
  14  1:10  Queen  
  15  1:16  Zergling x4  
  17  1:32  Drone  
  18  1:36  Metabolic Boost  
  18  1:41  Hatchery  
  18  1:46  Roach x2  
  21  1:58  Drone  
  24  2:08  Ravager x2  
  24  2:09  Overlord  
  24  2:14  Spine Crawler  
  23  2:19  Roach x3  
  23  2:22  Overlord  
  29  2:32  Drone  
  30  2:54  Ravager x3  
  30  2:57  Zergling x2  
  30  2:58  Zergling x8  
  38  3:02  Drone  
  37  3:16  Roach x3  
  43  3:32  Roach x3  
  49  3:39  Overlord  
  49  3:47  Overlord  
Show
View Real Time Build Order
Export as new Build Order

ChartMang Protoss - Winner!

Build Orders: Oracle Opening 

Get SALT Encoding   

  12  0:01  Probe  
  13  0:13  Probe  
  14  0:19  Pylon  
  14  0:25  Probe  
  15  0:38  Probe  
  16  0:46  Gateway  
  16  0:48  Probe  
  16  0:57  Probe  
  17  0:58  Assimilator  
  18  1:04  Assimilator  
  18  1:05  Probe  
  19  1:16  Probe  
  20  1:26  Pylon  
  21  1:32  Probe  
  21  1:35  Zealot  
  23  1:40  Cybernetics Core  
  23  1:49  Probe  
  24  2:01  Probe  
  25  2:13  Probe  
  25  2:14  Pylon  
  26  2:20  Stargate  
  26  2:25  Sentry  
  26  2:26  Probe  
  29  2:30  Shield Battery  
  29  2:32  Pylon  
  29  2:38  Probe  
  30  2:44  Stargate  
  30  3:00  Void Ray  
  34  3:30  Oracle  
Show
View Real Time Build Order
Export as new Build Order

PureLegacy Terran - Winner!

Build Orders:  

Get SALT Encoding   

  12  0:01  SCV  
  13  0:13  SCV  
  14  0:18  Supply Depot  
  14  0:25  SCV  
  15  0:30  Refinery  
  15  0:40  SCV  
  16  0:46  Barracks  
  16  0:52  SCV  
  17  1:03  Barracks  
  17  1:22  Barracks  
  17  1:26  SCV  
  18  1:36  Reaper  
  19  1:40  Orbital Command  
  19  1:48  Refinery  
  19  1:52  Reaper  
  20  2:01  Supply Depot  
  20  2:10  Reaper  
  20  2:11  Reaper  
  22  2:21  Barracks  
  22  2:25  Reaper  
  23  2:40  Barracks  
  23  2:45  Reaper  
  23  2:48  Reaper  
  23  2:49  SCV  
  26  2:59  Bunker  
  26  3:00  Reaper  
  26  3:04  SCV  
  28  3:17  Supply Depot, Reaper  
  29  3:20  SCV  
  29  3:24  Reaper  
  31  3:39  Reaper x3  
  31  3:41  Supply Depot  
Tags
 
Add a new tag
Caveats
  • Supply blocks, unpowered buildings, or Contaminate may cause inaccurate times.
  • Supply counts are checked every 10 seconds.